SAAA
PLYMOUTH ROCKS @ ROYSE CITY TARGARYENS
06/19/2034
 
TOP OF THE 1ST
Plymouth Rocks batting - Pitching for Royse City Targaryens : RHP Eugenio Piñeiro
Pitching: RHP Eugenio Piñeiro
Batting: LHB Octávio Ontiveros 0-0: Ball
1-0: Foul Ball, location: 2F
1-1: Called Strike
1-2: Foul Ball, location: 2F
1-2: Strikes out looking
Batting: RHB Tumas Wenzu 0-0: Foul Ball, location: 2F
0-1: Ground out 6-3 (Groundball, 6)
Batting: RHB Ernesto Trevino 0-0: SINGLE (Groundball, 34D)
Batting: RHB Xi-ku See-to 0-0: Ball
1-0: Called Strike
1-1: Called Strike
1-2: Foul Ball, location: 2F
1-2: Ball
2-2: Foul Ball, location: 2F
2-2: Foul Ball, location: 2F
2-2: Fly out, F8 (Flyball, 8LD)
Top of the 1st over - 0 runs, 1 hit, 0 errors, 1 left on base; Plymouth 0 - Royse City 0
BOTTOM OF THE 1ST
Royse City Targaryens batting - Pitching for Plymouth Rocks : RHP Alejandro Ramírez
Pitching: RHP Alejandro Ramírez
Batting: LHB Donald Brown 0-0: Ball
1-0: Foul Ball, location: 2F
1-1: Swinging Strike
1-2: Foul Ball, location: 2F
1-2: SINGLE (Groundball, 34D)
Batting: RHB Víctor Cuevas 0-0: Ball
1-0: Called Strike
1-1: Ball
2-1: Ball
3-1: Called Strike
3-2: Base on Balls
Donald Brown to second
Batting: RHB Melvin Thomas 0-0: Called Strike
0-1: Ball
1-1: Fly out, F9 (Flyball, 89M)
Batting: RHB Cristo Cuervo 0-0: Ball
1-0: Called Strike
1-1: Called Strike
1-2: Strikes out swinging
Batting: SHB Miguel Herrera 0-0: Ball
1-0: Ball
2-0: Called Strike
2-1: Ball
3-1: Called Strike
3-2: 3-RUN HOME RUN (Flyball, 9D), Distance : 329 ft
Batting: RHB David Elías 0-0: Called Strike
0-1: Ball
1-1: Foul Ball, location: 2F
1-2: Ball
2-2: Ball
3-2: Foul Ball, location: 2F
3-2: Foul Ball, location: 2F
3-2: Foul Ball, location: 2F
3-2: Ground out 5-3 (Groundball, 5)
Bottom of the 1st over - 3 runs, 2 hits, 0 errors, 0 left on base; Plymouth 0 - Royse City 3
TOP OF THE 2ND
Plymouth Rocks batting - Pitching for Royse City Targaryens : RHP Eugenio Piñeiro
Batting: LHB Lance Antle 0-0: Called Strike
0-1: Swinging Strike
0-2: SINGLE (Groundball, 4MD)
Batting: RHB Chang-lit Min 0-0: Ball
1-0: SINGLE (Groundball, 25) (infield hit)
Lance Antle to second
Batting: LHB Jeff Lawson 0-0: Called Strike
0-1: Ball
1-1: SINGLE (Groundball, 6MD)
Lance Antle to third
Chang-lit Min to second
Runner from 3rd tries for Home, throw and OUT!
Chang-lit Min to third
Jeff Lawson to second
Batting: RHB Bruce Ingilby 0-0: Ball
Wild Pitch!
Chang-lit Min scores
Jeff Lawson to third
1-0: Called Strike
1-1: DOUBLE (Flyball, 78XD)
Jeff Lawson scores
Batting: LHB Dae-ik Park 0-0: Called Strike
0-1: Ball
1-1: Foul Ball, location: 2F
1-2: Strikes out looking
Batting: LHB Octávio Ontiveros 0-0: Ball
1-0: Foul Ball, location: 2F
1-1: Ball
2-1: Foul Ball, location: 2F
2-2: Ground out 4-3 (Groundball, 4)
Top of the 2nd over - 2 runs, 4 hits, 0 errors, 1 left on base; Plymouth 2 - Royse City 3
BOTTOM OF THE 2ND
Royse City Targaryens batting - Pitching for Plymouth Rocks : RHP Alejandro Ramírez
Batting: LHB Takahiro Suzuki 0-0: Bunted foul
0-1: Ball
1-1: Ball
2-1: Ball
3-1: Base on Balls
Batting: RHB José García 0-0: Ball
1-0: Swinging Strike
1-1: Ball
2-1: Swinging Strike
2-2: Ball
3-2: Fielders Choice at 2nd, 3-6 (Groundball, 3)
Batting: LHB Denis Jerningham 0-0: Called Strike
0-1: Ball
1-1: Grounds into double play, 4-6-3 (Groundball, 4)
Bottom of the 2nd over - 0 runs, 0 hits, 0 errors, 0 left on base; Plymouth 2 - Royse City 3
TOP OF THE 3RD
Plymouth Rocks batting - Pitching for Royse City Targaryens : RHP Eugenio Piñeiro
Batting: RHB Tumas Wenzu 0-0: Ground out 5-3 (Groundball, 56)
Batting: RHB Ernesto Trevino 0-0: Fly out, F7 (Line Drive, 78S)
Batting: RHB Xi-ku See-to 0-0: Ball
1-0: Swinging Strike
1-1: Ball
2-1: Ball
3-1: Foul Ball, location: 2F
3-2: Foul Ball, location: 2F
3-2: Foul Ball, location: 2F
3-2: Strikes out swinging
Top of the 3rd over - 0 runs, 0 hits, 0 errors, 0 left on base; Plymouth 2 - Royse City 3
BOTTOM OF THE 3RD
Royse City Targaryens batting - Pitching for Plymouth Rocks : RHP Alejandro Ramírez
Batting: LHB Donald Brown 0-0: Called Strike
0-1: Ball
1-1: Ball
2-1: Swinging Strike
2-2: Foul Ball, location: 2F
2-2: Ball
3-2: Base on Balls
Batting: RHB Víctor Cuevas 0-0: Ball
1-0: Foul Ball, location: 2F
1-1: Ball
2-1: Ball
3-1: Foul Ball, location: 2F
3-2: Fly out, F8 (Flyball, 8RM)
Batting: RHB Melvin Thomas 0-0: Ball
1-0: Called Strike
1-1: Ball
2-1: Called Strike
2-2: Strikes out looking
Batting: RHB Cristo Cuervo 0-0: Ball
1-0: Swinging Strike
1-1: Ball
2-1: Ball
3-1: Reached on error, E5 (Groundball, 5L)
Donald Brown to second
Batting: SHB Miguel Herrera 0-0: Called Strike
0-1: Fielders Choice at 2nd, 6-4 (Groundball, 6)
Bottom of the 3rd over - 0 runs, 0 hits, 1 error, 2 left on base; Plymouth 2 - Royse City 3
TOP OF THE 4TH
Plymouth Rocks batting - Pitching for Royse City Targaryens : RHP Eugenio Piñeiro
Batting: LHB Lance Antle 0-0: Fly out, F5 (Line Drive, 56S)
Batting: RHB Chang-lit Min 0-0: Ground out 5-3 (Groundball, 56)
Batting: LHB Jeff Lawson 0-0: Ground out 4-3 (Groundball, 4)
Top of the 4th over - 0 runs, 0 hits, 0 errors, 0 left on base; Plymouth 2 - Royse City 3
BOTTOM OF THE 4TH
Royse City Targaryens batting - Pitching for Plymouth Rocks : RHP Alejandro Ramírez
Batting: RHB David Elías 0-0: Called Strike
0-1: Ball
1-1: Ball
2-1: Ground out 6-3 (Groundball, 6)
Batting: LHB Takahiro Suzuki 0-0: Foul Ball, location: 2F
0-1: Ball
1-1: Ball
2-1: Foul Ball, location: 2F
2-2: Foul Ball, location: 2F
2-2: Strikes out swinging
Batting: RHB José García 0-0: Ball
1-0: Swinging Strike
1-1: Ball
2-1: SINGLE (Line Drive, 9S)
Batting: LHB Denis Jerningham 0-0: Ball
1-0: Fielders Choice at 2nd, 6-4 (Groundball, 6)
Bottom of the 4th over - 0 runs, 1 hit, 0 errors, 1 left on base; Plymouth 2 - Royse City 3
TOP OF THE 5TH
Plymouth Rocks batting - Pitching for Royse City Targaryens : RHP Eugenio Piñeiro
Batting: RHB Bruce Ingilby 0-0: Foul Ball, location: 2F
0-1: Ball
1-1: Ground out 6-3 (Groundball, 6)
Batting: LHB Dae-ik Park 0-0: Swinging Strike
0-1: Called Strike
0-2: Fly out, F4 (Popup, 4M)
Batting: LHB Octávio Ontiveros 0-0: Called Strike
0-1: Swinging Strike
0-2: Strikes out swinging
Top of the 5th over - 0 runs, 0 hits, 0 errors, 0 left on base; Plymouth 2 - Royse City 3
BOTTOM OF THE 5TH
Royse City Targaryens batting - Pitching for Plymouth Rocks : RHP Alejandro Ramírez
Batting: LHB Donald Brown 0-0: Ball
1-0: Swinging Strike
1-1: Ball
2-1: Fly out, F8 (Flyball, 89D)
Batting: RHB Víctor Cuevas 0-0: Called Strike
0-1: Swinging Strike
0-2: Ball
1-2: Ground out 5-3 (Groundball, 5)
Batting: RHB Melvin Thomas 0-0: Ball
1-0: Ground out 4-3 (Groundball, 34)
Bottom of the 5th over - 0 runs, 0 hits, 0 errors, 0 left on base; Plymouth 2 - Royse City 3
TOP OF THE 6TH
Plymouth Rocks batting - Pitching for Royse City Targaryens : RHP Eugenio Piñeiro
Batting: RHB Tumas Wenzu 0-0: Ground out 6-3 (Groundball, 56)
Batting: RHB Ernesto Trevino 0-0: Ball
1-0: Called Strike
1-1: Ground out 6-3 (Groundball, 6M)
Batting: RHB Xi-ku See-to 0-0: Called Strike
0-1: Ball
1-1: Foul Ball, location: 2F
1-2: Ball
2-2: Ball
3-2: SOLO HOME RUN (Line Drive, 7D), Distance : 372 ft
Batting: LHB Lance Antle 0-0: Foul Ball, location: 2F
0-1: Ball
1-1: Foul Ball, location: 2F
1-2: SOLO HOME RUN (Line Drive, 9LD), Distance : 355 ft
Pitching: RHP Currito Melena
Batting: RHB Chang-lit Min 0-0: Ball
1-0: Called Strike
1-1: Swinging Strike
1-2: Ball
2-2: Strikes out swinging
Top of the 6th over - 2 runs, 2 hits, 0 errors, 0 left on base; Plymouth 4 - Royse City 3
BOTTOM OF THE 6TH
Royse City Targaryens batting - Pitching for Plymouth Rocks : RHP Alejandro Ramírez
Batting: RHB Cristo Cuervo 0-0: Ball
1-0: Swinging Strike
1-1: SINGLE (Line Drive, 6MD)
Batting: SHB Miguel Herrera 0-0: Ball
1-0: Foul Ball, location: 2F
1-1: Ball
2-1: Grounds into double play, 4-6-3 (Groundball, 4)
Batting: RHB David Elías 0-0: Called Strike
0-1: Ball
1-1: Called Strike
1-2: SINGLE (Groundball, 6MD)
Batting: LHB Takahiro Suzuki 0-0: Called Strike
0-1: Swinging Strike
0-2: Ball
1-2: Foul Ball, location: 2F
1-2: Ball
2-2: Foul Ball, location: 2F
2-2: Ball
3-2: Base on Balls
David Elías to second
Batting: RHB José García 0-0: Called Strike
0-1: Ball
1-1: Ball
Wild Pitch!
David Elías to third
Takahiro Suzuki to second
2-1: Ball
3-1: Swinging Strike
3-2: 3-RUN HOME RUN (Flyball, 7LD), Distance : 364 ft
Pitching: RHP Javier Luna
Batting: LHB Denis Jerningham 0-0: Ball
1-0: SINGLE (Line Drive, 9LS)
Batting: LHB Donald Brown 0-0: Ball
1-0: Ball
2-0: Called Strike
2-1: Fielders Choice at 2nd, U6 (Groundball, 6M)
Bottom of the 6th over - 3 runs, 4 hits, 0 errors, 1 left on base; Plymouth 4 - Royse City 6
TOP OF THE 7TH
Plymouth Rocks batting - Pitching for Royse City Targaryens : RHP Currito Melena
Batting: LHB Jeff Lawson 0-0: Called Strike
0-1: Swinging Strike
0-2: Ball
1-2: Fly out, F6 (Line Drive, 6M)
Batting: RHB Bruce Ingilby 0-0: Ball
1-0: Ball
2-0: Reached on error, E5 (Groundball, 5L)
Batting: LHB Dae-ik Park 0-0: Ball
1-0: Fielders Choice at 2nd, 4-6 (Groundball, 4)
Batting: LHB Octávio Ontiveros 0-0: Ball
1-0: Foul Ball, location: 2F
1-1: Foul Ball, location: 2F
1-2: Ball
2-2: Foul Ball, location: 2F
2-2: SINGLE (Groundball, 4MD)
Dae-ik Park to second
Runner from 2nd tries for 3rd, SAFE, no throw
Batting: RHB Tumas Wenzu 0-0: Ball
1-0: Ball
2-0: Swinging Strike
2-1: Ball
3-1: Fielders Choice at 2nd, 5-4 (Groundball, 56)
Top of the 7th over - 0 runs, 1 hit, 1 error, 2 left on base; Plymouth 4 - Royse City 6
BOTTOM OF THE 7TH
Royse City Targaryens batting - Pitching for Plymouth Rocks : RHP Javier Luna
Batting: RHB Víctor Cuevas 0-0: SINGLE (Line Drive, 8RS)
Batting: RHB Melvin Thomas 0-0: Called Strike
Víctor Cuevas steals 2nd base
0-1: Foul Ball, location: 2F
0-2: Ball
1-2: Ball
2-2: Strikes out swinging
Batting: RHB Cristo Cuervo 0-0: Foul Ball, location: 2F
0-1: Foul Ball, location: 2F
0-2: Ball
1-2: Strikes out swinging
Batting: SHB Miguel Herrera 0-0: Ball
1-0: Called Strike
1-1: Ball
2-1: Foul Ball, location: 2F
2-2: SINGLE (Line Drive, 56)
Víctor Cuevas to third
Runner from 3rd tries for Home, SAFE, throw made home
Batting: RHB David Elías 0-0: Ball
1-0: Ball
2-0: Called Strike
2-1: Ball
3-1: SINGLE (Groundball, 56S) (infield hit)
Miguel Herrera to second
Batting: LHB Takahiro Suzuki 0-0: Ball
1-0: Ball
2-0: Called Strike
2-1: Foul Ball, location: 2F
2-2: Ground out 3-1 (Groundball, 34S)
Bottom of the 7th over - 1 run, 3 hits, 0 errors, 2 left on base; Plymouth 4 - Royse City 7
TOP OF THE 8TH
Plymouth Rocks batting - Pitching for Royse City Targaryens : RHP Currito Melena
Batting: RHB Ernesto Trevino 0-0: Ball
1-0: Ball
2-0: Foul Ball, location: 2F
2-1: Foul Ball, location: 2F
2-2: Ball
3-2: Foul Ball, location: 2F
3-2: Foul Ball, location: 2F
3-2: Ground out U3 (Groundball, 3L)
Batting: RHB Xi-ku See-to 0-0: Foul Ball, location: 2F
0-1: Ball
1-1: Ball
2-1: Fly out, F4 (Popup, 34D)
Batting: LHB Lance Antle 0-0: Called Strike
0-1: Called Strike
0-2: Ground out 4-3 (Groundball, 4)
Top of the 8th over - 0 runs, 0 hits, 0 errors, 0 left on base; Plymouth 4 - Royse City 7
BOTTOM OF THE 8TH
Royse City Targaryens batting - Pitching for Plymouth Rocks : RHP Javier Luna
Batting: RHB José García 0-0: Ball
1-0: Ball
2-0: Foul Ball, location: 2F
2-1: Ball
3-1: Base on Balls
Batting: LHB Denis Jerningham 0-0: Sac Bunt - play at first, batter OUT! 1-3
José García to second
Batting: LHB Donald Brown 0-0: Foul Ball, location: 2F
0-1: Ball
1-1: Foul Ball, location: 2F
1-2: Strikes out swinging
Batting: RHB Víctor Cuevas 0-0: Foul Ball, location: 2F
0-1: Ball
1-1: Called Strike
1-2: Ball
2-2: SINGLE (Line Drive, 9S)
José García to third
Runner from 3rd tries for Home, SAFE, no throw
Batting: RHB Melvin Thomas 0-0: Swinging Strike
0-1: Foul Ball, location: 2F
0-2: Fly out, F8 (Flyball, 89M)
Bottom of the 8th over - 1 run, 1 hit, 0 errors, 1 left on base; Plymouth 4 - Royse City 8
TOP OF THE 9TH
Plymouth Rocks batting - Pitching for Royse City Targaryens : RHP Currito Melena
Batting: RHB Chang-lit Min 0-0: Called Strike
0-1: Ball
1-1: Foul Ball, location: 2F
1-2: Strikes out looking
Batting: LHB Jeff Lawson 0-0: Ball
1-0: Called Strike
1-1: DOUBLE (Line Drive, 9D)
Batting: RHB Bruce Ingilby 0-0: Ball
1-0: Foul Ball, location: 2F
1-1: Fly out, F7 (Line Drive, 78M)
Batting: LHB Dae-ik Park 0-0: Ground out U3 (Groundball, 3L)
Top of the 9th over - 0 runs, 1 hit, 0 errors, 1 left on base; Plymouth 4 - Royse City 8
Friday, March 29th, 2019 - OOTP Baseball 18.8 Build 76